 Dungeon Crawl Stone Soup version 0.18-a0-1120-g03bd624 (webtiles) character file.

629 Chiseanne the Skirmisher (level 7, 0/66 HPs)
             Began as a Centaur Air Elementalist on Jan 17, 2016.
             Killed by divine providence
             ... invoked by an orc priest
              (9 damage)
             ... on level 5 of the Dungeon.
             The game lasted 00:12:36 (6196 turns).

Chiseanne the Skirmisher (Centaur Air Elementalist) Turns: 6196, Time: 00:12:37

Health: 0/66       AC: 11    Str: 10    XL:     7   Next: 23%
Magic:  9/9        EV: 10    Int: 16    God:
Gold:   152        SH:  0    Dex: 10    Spells: 2 memorised, 6 levels left

rFire  + . .     SeeInvis .     a - +1 hand axe (holy)
rCold  . . .     Gourm    .     x - +1 robe
rNeg   . . .     Faith    .     (no shield)
rPois  .         Spirit   .     (no helmet)
rElec  .         Dismiss  .     k - +0 cloak
rCorr  .         Reflect  .     t - +0 pair of gloves
SustAt .         Harm     .     (no barding)
MR     .....                    (no amulet)
Stlth  +.........               m - +4 ring of protection
                                d - ring of protection from fire

@: exhausted, slowed, not resistant to hostile enchantments, very unstealthy
A: hooves 3, deformed body, speed 2, tough skin 3
a: no special abilities


You were on level 5 of the Dungeon.
You were not hungry.

You visited 1 branch of the dungeon, and saw 5 of its levels.

You collected 190 gold pieces.
You spent 38 gold pieces at shops.

Inventory:

Hand Weapons
 a - a +1 hand axe of holy wrath (weapon)
 v - a +0 hand axe of freezing
Missiles
 e - 6 tomahawks (quivered)
 f - 8 arrows of flame
 g - 14 poisoned needles
 o - 12 bolts of flame
 p - 11 sling bullets
 r - 30 arrows
 w - 8 javelins
Armour
 k - a +0 cloak (worn)
 t - a +0 pair of gloves (worn)
 x - a +1 robe (worn)
Jewellery
 d - a ring of protection from fire (left hand)
 m - a +4 ring of protection (right hand)
Wands
 z - a wand of flame (37/48)
Scrolls
 y - a scroll of remove curse
Potions
 h - a potion of curing
 j - 2 potions of agility
 l - a potion of lignification {unknown}
 q - a potion of resistance {unknown}
 u - 2 potions of cancellation
Books
 b - a book of Air

   Spells                             Type                      Level
   a - Shock                          Conjuration/Air              1
   b - Swiftness                      Charms/Air                   2
   c - Repel Missiles                 Charms/Air                   2
   d - Static Discharge               Conjuration/Air              3
   e - Lightning Bolt                 Conjuration/Air              5
Comestibles
 c - 5 bread rations
 n - a meat ration
 s - 3 fruits


   Skills:
 * Level 7.4 Fighting
 * Level 2.2 Dodging
 - Level 1.2 Stealth
 - Level 1.5 Spellcasting
 - Level 0.8 Conjurations
 - Level 2.6 Air Magic


You had 6 spell levels left.
You knew the following spells:

 Your Spells              Type           Power        Failure   Level  Hunger
a - Shock                 Conj/Air       #...         12%         1    ##.....
b - Repel Missiles        Chrm/Air       #.....       21%         2    ###....


Dungeon Overview and Level Annotations

Branches:
Dungeon (5/15)
 Temple: D:4-7

Altars:
The Shining One

Shops:
D:4 [!(

Annotations:
D:5 Sigmund


Innate Abilities, Weirdness & Mutations

You have hooves in place of feet.
Armour fits poorly on your strangely shaped body.
You cover ground very quickly.
You have extremely tough skin (AC +3).


Message History

You feel a strong urge to attack something.
There is a stone staircase leading up, spattered with blood here.
You feel your anger subside.
You are no longer berserk.
You are exhausted.
You feel yourself slow down.
You are feeling hungry.
Things that are here:
a mace; a dyed leather armour; an orc corpse You butcher the orc corpse.
An orc comes into view. It is wielding a club.
Things that are here:
a mace; a dyed leather armour; 2 chunks of flesh Eat a chunk of flesh? (ye/n/q/i?) This raw flesh tastes terrible.
The orc shouts!
You continue eating.
The orc priest shouts!
The orc priest invokes the aid of Beogh against you.
Something smites you!
You die...

#############
##.....#.....##
##.............##
#.........<.....#
#.........[.(...#
#.......@.......#
#.............^.#
#...............# #..
##.............###....#
##...................#
#####..###.o####....#
####o#.....####..#..
##.................
####.....#.###..###...


You could see an orc priest and an orc.

Vanquished Creatures
  An ogre (D:4)
  A scorpion (D:4)
  A hound (D:4)
  A centaur skeleton (D:4)
  An orc priest (D:5)
  2 iguanas (D:4)
  An orc wizard (D:4)
  2 worker ants (D:4)
  A killer bee zombie (D:5)
  A mummy (D:4)
  9 adders
  3 gnolls (D:4)
  A shadow imp (D:4)
  An adder zombie (D:5)
  5 worms
  3 giant geckos
  21 orcs
  2 ball pythons
  6 bats
  7 giant cockroaches
  8 goblins
  3 hobgoblins
  7 jackals
  4 kobolds
  3 quokkas (D:2)
  3 giant newts
  10 rats
108 creatures vanquished.

Notes
Turn   | Place    | Note
--------------------------------------------------------------
     0 | D:1      | Chiseanne the Centaur Air Elementalist began the quest for the Orb.
     0 | D:1      | Reached XP level 1. HP: 14/14 MP: 3/3
   151 | D:1      | Reached skill level 1 in Fighting
   249 | D:1      | Reached XP level 2. HP: 4/24 MP: 2/4
  1283 | D:2      | Reached XP level 3. HP: 14/30 MP: 1/5
  1520 | D:2      | Reached skill level 3 in Fighting
  1743 | D:2      | Learned a level 2 spell: Repel Missiles
  2844 | D:2      | Reached XP level 4. HP: 35/40 MP: 0/6
  3101 | D:2      | Reached skill level 4 in Fighting
  3140 | D:2      | Found a glowing golden altar of the Shining One.
  3985 | D:3      | Reached XP level 5. HP: 30/47 MP: 7/7
  4458 | D:4      | Noticed an ogre
  4483 | D:4      | Reached skill level 5 in Fighting
  4513 | D:4      | Killed an ogre
  4513 | D:4      | Reached XP level 6. HP: 38/57 MP: 1/8
  4663 | D:4      | Reached skill level 6 in Fighting
  4818 | D:4      | Found Xidor's Distillery.
  4821 | D:4      | Bought a potion of mutation for 27 gold pieces
  4821 | D:4      | Bought a potion of poison for 11 gold pieces
  5029 | D:4      | Found Ogyd's Weapon Shoppe.
  5055 | D:4      | Found a sand-covered staircase.
  5250 | D:4      | Reached skill level 7 in Fighting
  5359 | D:4      | Found Qucum's Antique Armour Emporium.
  5438 | D:5      | Entered Level 5 of the Dungeon
  5440 | D:5      | Noticed Sigmund
  5583 | D:4      | Reached XP level 7. HP: 18/66 MP: 9/9
  6196 | D:5      | Killed from afar by an orc priest

Vault maps used:
D:1:      dpeg_arrival_lava_temple_mockup, item_on_display_a
D:2:      overflow_temple_1_default, first_bread
D:4:      gup_ossuary_entry_pyramid, serial_shops, shop_statue,
          nicolae_shop_window_shopping, kennysheep_mini_moat
D:5:      kennysheep_little_box, kb_lookout_dungeons_type, uniq_sigmund

Action                   |  1- 3 |  4- 6 |  7- 9 || total
-------------------------+-------+-------+-------++-------
Melee: Dagger            |    42 |       |       ||    42
       Hand axe          |   110 |   203 |    48 ||   361
Throw: Tomahawk          |       |     7 |       ||     7
 Cast: Shock             |    23 |    56 |     4 ||    83
       Repel Missiles    |     2 |       |     1 ||     3
  Use: Scroll            |     7 |     4 |     2 ||    13
       Potion            |       |     3 |     2 ||     5
 Stab: Invisible         |       |     1 |       ||     1
  Eat: Chunk             |     6 |    10 |     3 ||    19
